AoeStats
← Rafaelbdoo

Black Forest

505568293Analyzed
1v1 RM · 24d ago on Sep 10, 2026· 59m 56s· 2 players
Game mode
Random Map
Map size
Tiny (2 player)
Population
200
Speed
Normal
Resources
Standard
Victory
Conquest
Starting age
Dark Age
Ending age
Imperial Age
RankedLock teamsTeams togetherTeam positionsShared explorationLock speedFull tech treeHidden civsTurbo modeCheats
Victory
Defeat
🇧🇷 Spanish · Brazil
568
+17
🇳🇿 Franks · New Zealand
590
-34
Rafaelbdoo
13:26 Feudal Age
14:01 Horse Collar
14:09 Double-Bit Axe
21:34 Castle Age
23:41 Double-Bit Axe
26:18 Fervor
26:26 Masonry
25:46 Pikeman
29:46 Scale Barding Armor
30:06 Inquisition
31:17 Sanctity
31:12 Redemption
31:15 Squires
31:03 Arson
31:24 Husbandry
31:51 Ballistics
32:19 Heavy Plow
32:47 Bow Saw
33:41 Wheelbarrow
32:54 Loom
32:56 Town Watch
33:08 Gold Mining
33:10 Stone Mining
33:51 Bloodlines
35:28 Masonry
37:04 Light Cavalry
38:30 Chain Barding Armor
38:13 Murder Holes
41:32 Imperial Age
41:51 Stone Shaft Mining
42:59 Hoardings
42:47 Conscription
41:54 Halberdier
42:54 Capped Ram
44:39 Two-Man Saw
44:02 Block Printing
44:17 Illumination
44:25 Architecture
44:58 Chemistry
43:21 Hussar
44:17 Forging
45:11 Elite Conquistador
46:56 Iron Casting
46:22 Scale Mail Armor
46:27 Siege Ram
47:47 Supremacy
51:40 Blast Furnace
50:56 Chain Mail Armor
51:16 Plate Barding Armor
50:25 Cavalier
51:44 Hand Cart
51:31 Town Patrol
53:19 Fortified Wall
53:00 Guard Tower
52:55 Arrowslits
53:31 Bombard Tower
53:17 Sappers
53:33 Paladin
55:29 Atonement
56:09 Theocracy
56:42 Devotion
57:08 Heresy
56:51 Herbal Medicine
Decay
0:56 Loom
11:37 Feudal Age
18:33 Double-Bit Axe
24:20 Padded Archer Armor
24:11 Fletching
27:08 Castle Age
27:41 Gambesons
27:26 Elite Skirmisher
28:32 Leather Archer Armor
28:53 Bodkin Arrow
36:48 Imperial Age
35:01 Bow Saw
37:06 Husbandry
37:43 Scale Barding Armor
40:27 Cavalier
42:42 Chain Barding Armor
48:29 Chemistry
47:54 Ballistics
47:26 Guard Tower
47:22 Arrowslits
47:41 Murder Holes
56:45 Elite Throwing Axeman
58:29 Plate Barding Armor
59:16 #83
Connection lost

Rejoining the realm…

Still unreachable

The connection could not be restored.

Session expired

The server has moved on; the page needs a fresh start.